 Dungeon Sprint DCSS version 0.29-a0-723-gce39da1c22 (webtiles) character file.

Game seed: 5731380083043981109

1232 manyhoops the Warrior (level 8, -20/103 HPs)
             Began as a Minotaur Fighter on June 28, 2022.
             Demolished by a boulder beetle (46 damage)
             ... in the Dungeon (Sprint II: "The Violet Keep of Menkaure").
             The game lasted 00:03:16 (942 turns).

manyhoops the Warrior (Minotaur Fighter)             Turns: 942, Time: 00:03:16

Health: -20/103    AC: 13    Str: 23    XL:     8   Next: 24%
Magic:  16/16      EV:  7    Int:  5    God:
Gold:   9          SH:  7    Dex: 14    Spells: 7/7 levels left

rFire   . . .      SeeInvis .   a - +0 war axe
rCold   + . .      Faith    .   i - +2 buckler of Happy Babbling {Will+ MP+9 Dex+4 Stlth+}
rNeg    . . .      Spirit   .   k - +1 chain mail {rC+}
rPois   .          Reflect  .   (helmet restricted)
rElec   .          Harm     .   (no cloak)
rCorr   .          Rampage  .   d - +0 pair of gloves
Will    +....      NoTele   +   (no boots)
Stlth   ..........              (no amulet)
HPRegen 0.27/turn               (no ring)
MPRegen 0.15/turn               (no ring)

@: hasted, invisible, unable to read, unable to drink, very quick
A: horns 2, retaliatory headbutt, iridescent scales 1, inability to drink while
threatened 1, inability to read while threatened 2
a: no special abilities


You were in the Dungeon.
You visited 1 branch You collected 729 gold pieces.
You spent 720 gold pieces at shops.

Inventory:

Hand Weapons
 a - a +0 war axe (weapon)
Armour
 b - a +0 scale mail
 d - a +0 pair of gloves (worn)
 i - the +2 buckler of Happy Babbling (worn) {Will+ MP+9 Dex+4 Stlth+}
   (You bought it in a shop in the Dungeon)

   Dex:       It affects your dexterity (+4).
   MP:        It affects your magic capacity (+9).
   Will:      It increases your willpower.
   Stlth:     It makes you more stealthy.
 k - a +1 chain mail of cold resistance (worn)
Scrolls
 c - a scroll of fear
 j - 2 scrolls of blinking
Potions
 e - a potion of curing
 g - a potion of haste
 h - 2 potions of magic
 m - a potion of lignification {unknown}


   Skills:
 - Level 20.5 Fighting
 + Level 5.5 Axes
 - Level 3.6 Armour
 - Level 3.6 Shields


You had 7 spell levels left.
You didn't know any spells.
Your spell library was empty.

Dungeon Overview and Level Annotations

Branches:
Dungeon (1/1)

Altars:
Beogh

Shops:
D ([:=(!=!?[(:?=:

Annotations:
D exclusions: obsidian statue and oklob plant


Innate Abilities, Weirdness & Mutations

You have a pair of horns on your head.
You reflexively headbutt those who attack you in melee.
You are partially covered in iridescent scales. (AC +2)
You occasionally lose the ability to drink potions when taking damage.
You sometimes lose the ability to read scrolls when taking damage.


Message History

Unknown command.
You slash the boulder beetle!
The boulder beetle is lightly wounded.
You hit the boulder beetle but do no damage.
The boulder beetle bites you! The boulder beetle hits you!
The boulder beetle stops rolling and uncurls.
Unknown command.
You are too injured to fight recklessly!
You feel much better. The boulder beetle bites you!!
The boulder beetle leaps!
You cannot read scrolls in your current state!
You fade into invisibility!
You are too injured to fight recklessly!
Unknown command.
You are too injured to fight recklessly!
Unknown command.
You hit the boulder beetle.
The boulder beetle is lightly wounded.
The boulder beetle bites you!!
You feel threatened and lose the ability to drink potions!
* * * LOW HITPOINT WARNING * * *
You slash the boulder beetle! You headbutt the boulder beetle.
The boulder beetle is moderately wounded.
The boulder beetle curls into a ball and begins rolling!
The boulder beetle bites you.
* * * LOW HITPOINT WARNING * * *
You cannot drink potions in your current state!
You cannot drink potions in your current state!
You hit the boulder beetle but do no damage.
You headbutt the boulder beetle, but do no damage.
The boulder beetle is moderately wounded.
The boulder beetle bites you but does no damage.
You hit the boulder beetle but do no damage.
You headbutt the boulder beetle, but do no damage.
The boulder beetle is moderately wounded.
The boulder beetle closely misses you.
You hit the boulder beetle but do no damage.
You headbutt the boulder beetle.
The boulder beetle is moderately wounded.
The boulder beetle hits you!!!
You die...

≈## ≈≈≈≈
############≈≈#+++#+++##
###########≈≈≈.........#
##.......∩#≈≈≈≈.##+##..#
##∩.....∩.#≈≈≈≈##.#.##.###
##.∩...∩.∩#≈≈≈≈#..#..#....
##∩.∩.∩...#≈≈### #.#####..
##.∩.∩.∩B.#≈##.###'###.##.
##..°°°○B@#≈#...##.##.#.#.
##...⌠....'≈'# #+.<.'.##'.
##........#≈#$..##.##..##.
#▓▓▓▓▓▓▓###≈##.###÷###.##.
##)Ss######≈≈####.#.####≈§
#?SS#D ##≈≈≈#..#..#≈≈≈≈
#∩Ps+?! #†#≈##...##≈≈≈≈
#!.$#[# #.#≈≈##'##≈≈≈≈§
#$$. ####≈≈≈≈≈≈≈≈≈§≈


You could see 2 boulder beetles, an oklob plant (can't see you), 3 water
moccasins and 2 redbacks.

Vanquished Creatures
  A vampire mosquito (D)
  4 neqoxecs (D)
  Menkaure (D)
  A water moccasin (D)
  4 necrophages (D)
  4 scorpions (D)
15 creatures vanquished.

Vanquished Creatures (others)
  A water moccasin (D)
1 creature vanquished.

Grand Total: 16 creatures vanquished

Notes
Turn   | Place    | Note
-------+----------+-------------------------------------------
     0 | D        | manyhoops the Minotaur Fighter began the quest for the Orb.
     0 | D        | Reached XP level 1. HP: 19/19 MP: 0/0
     1 | D        | Noticed a scorpion
     1 | D        | Noticed a scorpion
     3 | D        | Killed a scorpion
     4 | D        | Reached skill level 9 in Fighting
     4 | D        | Reached XP level 2. HP: 37/37 MP: 1/1
     4 | D        | Reached XP level 3. HP: 44/44 MP: 2/2
     7 | D        | Killed a scorpion
     8 | D        | Reached skill level 11 in Fighting
     8 | D        | Reached XP level 4. HP: 56/56 MP: 3/3
     9 | D        | Noticed a scorpion
     9 | D        | Noticed a scorpion
    12 | D        | Killed a scorpion
    13 | D        | Reached skill level 13 in Fighting
    13 | D        | Reached XP level 5. HP: 40/64 MP: 4/4
    14 | D        | Reached skill level 14 in Fighting
   159 | D        | Noticed a boulder beetle
   159 | D        | Noticed a boulder beetle
   163 | D        | Noticed a neqoxec
   163 | D        | Noticed a neqoxec
   163 | D        | Noticed a neqoxec
   163 | D        | Noticed a neqoxec
   169 | D        | Killed a neqoxec
   169 | D        | Gained mutation: You are partially covered in iridescent
                  | scales. (AC +2) [a neqoxec]
   170 | D        | Reached skill level 16 in Fighting
   170 | D        | Reached XP level 6. HP: 73/78 MP: 5/5
   173 | D        | Killed a neqoxec
   174 | D        | Reached skill level 17 in Fighting
   175 | D        | Killed a neqoxec
   175 | D        | Gained mutation: You occasionally lose the ability to read
                  | scrolls when taking damage. [a neqoxec]
   176 | D        | Reached skill level 18 in Fighting
   176 | D        | Reached XP level 7. HP: 72/90 MP: 6/6
   177 | D        | Gained mutation: You sometimes lose the ability to read
                  | scrolls when taking damage. [a neqoxec]
   178 | D        | Gained mutation: You occasionally lose the ability to drink
                  | potions when taking damage. [a neqoxec]
   180 | D        | Killed a neqoxec
   181 | D        | Reached skill level 19 in Fighting
   317 | D        | Reached skill level 20 in Fighting
   363 | D        | Noticed an obsidian statue
   367 | D        | Found Karoet's Book Emporium.
   368 | D        | Found Tuenil's Antique Armour Emporium.
   368 | D        | Found Tijet's Magic Scroll Shoppe.
   369 | D        | Found Yngisia's Distillery.
   369 | D        | Found Vuem Say's Book Emporium.
   369 | D        | Found Aqutinud's Weapon Shoppe.
   370 | D        | Found Sesawk's Jewellery Shoppe.
   370 | D        | Found Ateele Hana's Distillery.
   370 | D        | Found Zuteragg's Magic Scroll Shoppe.
   371 | D        | Found Gocket's Jewellery Shoppe.
   373 | D        | Found Ezezaon's Antique Weapon Emporium.
   373 | D        | Found Zirusm's Jewellery Shoppe.
   373 | D        | Noticed an oklob plant
   374 | D        | Found Aseefrum's Antique Armour Shoppe.
   374 | D        | Found Masomyv's Antique Weapon Emporium.
   374 | D        | Found Inudon's Book Shoppe.
   374 | D        | Noticed a redback
   379 | D        | Reached XP level 8. HP: 71/103 MP: 7/7
   470 | D        | Noticed an ice dragon
   492 | D        | Bought a pair of gloves for 90 gold pieces
   492 | D        | Bought a dazzling buckler for 190 gold pieces
   492 | D        | Identified the +2 buckler of Happy Babbling {Will+ MP+9
                  | Dex+4 Stlth+} (You bought it in a shop in the Dungeon)
   492 | D        | Bought a runed chain mail for 150 gold pieces
   596 | D        | Bought a scroll of blinking for 75 gold pieces
   596 | D        | Bought a scroll of fear for 35 gold pieces
   602 | D        | Bought a potion of invisibility for 80 gold pieces
   602 | D        | Bought a potion of haste for 100 gold pieces
   657 | D        | Noticed Menkaure
   661 | D        | Killed Menkaure
   911 | D        | Reached skill level 5 in Axes
   942 | D        | Demolished by a boulder beetle

Illustrated notes

Levels and vault maps discovered:
D:        the_violet_keep_of_menkaure [sprint2_stairs_cluster_1,
          sprint2_shoproom, sprint2_temple, sprint2_basic_supplies,
          sprint2_obstacle_3, sprint2_obstacle_7, sprint2_obstacle_5,
          sprint2_obstacle_6, sprint2_obstacle_1, sprint2_timed_cluster_1,
          sprint2_smallroom_cluster_1, sprint2_smallroom_final_cluster_1,
          sprint2_transparent_cluster_1, sprint2_second_timed_cluster_1,
          sprint2_sniper_area_1, sprint2_heavy_combat_area_1,
          sprint2_mutation_trap_area_1, sprint2_forest_area_1,
          sprint2_light_combat_area_1, sprint2_behind_water_1,
          sprint2_near_end_vault_1]

Skill      XL: |  1  2  3  4  5  6  7  8 |
---------------+-------------------------+-----
Fighting       | 9 11 13 16 18 20 | 20.5
Axes           | 5 |  5.5
Armour         | |  3.6
Shields        | |  3.6

Action                   |  1- 3 |  4- 6 |  7- 9 || total
-------------------------+-------+-------+-------++-------
Melee: War axe           |     5 |    15 |    43 ||    63
       Headbutt          |     2 |     3 |    12 ||    17
  Use: Potion            |     1 |     1 |     3 ||     5
Armor: Scale mail        |       |     2 |     3 ||     5
       Chain mail        |       |       |     3 ||     3
Dodge: Dodged            |       |     5 |    16 ||    21
Block: Buckler           |     1 |     5 |    13 ||    19

Table legend: (Time is in decaauts)
 A = Elapsed time spent in this place.
 B = Non-inter-level travel time spent in this place.
 C = Inter-level travel time spent in this place.
 D = Time resting spent in this place.
 E = Time spent auto-exploring this place.
 F = Levels seen in this place.
 G = Mean time per level.
                   A        B        C        D        E       F      G
               +--------+--------+--------+--------+--------+-----+--------+
         Total |    991 |    991 |      0 |    618 |     78 |   1 |  991.0 |
       Dungeon |    991 |    991 |      0 |    618 |     78 |   1 |  991.0 |
               +--------+--------+--------+--------+--------+-----+--------+

Top non-repeatable levels by time:
       D: 991 daAuts
